 Dungeon Crawl Stone Soup version 0.25.1-2-g60ff931df9 (webtiles) character file.

Game seed: 6447381852349992250

821 hawla the Conjurer (level 7, -1/50 HPs)
             Began as a Green Draconian Conjurer on Nov 17, 2020.
             Slain by an orc warrior
             ... wielding a +0 vorpal halberd
              (7 damage)
             ... on level 7 of the Dungeon.
             The game lasted 00:13:02 (5200 turns).

hawla the Conjurer (Green Draconian Conjurer)       Turns: 5200, Time: 00:13:03

Health: -1/50      AC:  9    Str: 16    XL:     7   Next: 63%
Magic:  1/12       EV: 12    Int: 17    God:
Gold:   230        SH:  0    Dex: 16    Spells: 6/13 levels left

rFire    . . .     SeeInvis .   f - +2 dagger (vamp)
rCold    . . .     Gourm    .   (no shield)
rNeg     . . .     Faith    .   (armour unavailable)
rPois    +         Spirit   .   (helmet restricted)
rElec    .         Reflect  .   n - +2 cloak of Sharp Freedom {*Drain rPois MR+ Dex+4}
rCorr    +         Harm     .   (no gloves)
MR       +....                  (no boots)
Stlth    ++........             (no amulet)
HPRegen  0.16/turn              a - +6 ring of strength
MPRegen  0.13/turn              d - ring of resist corrosion

@: mighty
A: breathe noxious fumes, unfitting armour, poison resistance, cold-blooded, AC
+6
a: Breathe Noxious Fumes


You were on level 7 of the Dungeon.
You were not hungry.

You visited 1 branch of the dungeon, and saw 5 of its levels.

You collected 230 gold pieces.

Inventory:

Hand Weapons
 f - a +2 vampiric dagger (weapon)
Missiles
 s - 2 poisoned darts (quivered)
Armour
 n - the +2 cloak of Sharp Freedom (worn) {*Drain rPois MR+ Dex+4}
   (You found it on level 4 of the Dungeon)

   It affects your dexterity (+4).
   It protects you from poison.
   It affects your resistance to hostile enchantments.
   It causes draining when unequipped.
Jewellery
 a - a +6 ring of strength (left hand)
 c - an uncursed ring of fire
 d - a ring of resist corrosion (right hand)
Wands
 q - a wand of flame (14)
Scrolls
 h - a scroll of identify
 k - 3 scrolls of teleportation {unknown}
 m - a scroll of remove curse
Potions
 e - a potion of curing
 j - 2 potions of lignification {unknown}
 l - a potion of invisibility {unknown}
 p - a potion of brilliance {unknown}
 r - a potion of resistance {unknown}
Comestibles
 b - 9 rations


   Skills:
 - Level 1.7 Dodging
 - Level 1.7 Stealth
 - Level 3.7 Spellcasting
 + Level 6.6 Conjurations
 + Level 5.6 Translocations


You had 6 spell levels left.
You knew the following spells:

 Your Spells              Type           Power        Failure   Level  Hunger
a - Magic Dart            Conj           ####         1%          1    None
b - Searing Ray           Conj           ####..       1%          2    ##.....
c - Iskenderun's Mystic   Conj/Tloc      ###.....     13%         4    ####...

Your spell library contained the following spells:

 Spells                   Type           Power        Failure   Level  Hunger
 Dazzling Flash           Conj/Hex       ##....       12%         3    ###....
 Fulminant Prism          Conj/Hex       ##........   38%         4    ####...


Dungeon Overview and Level Annotations

Branches:
Dungeon (4/15)             Temple (0/1) D:4

Altars:
Cheibriados

Shops:
D:4 *


Innate Abilities, Weirdness & Mutations

You can breathe blasts of noxious fumes.
Your lurid green scales are hard. (AC +6)
You cannot fit into any form of body armour.
Your system is resistant to poisons. (rPois)
You are cold-blooded and may be slowed by cold attacks.


Message History

The searing ray hits the orc warrior.
The orc warrior is lightly wounded.
The orc warrior closely misses you.
Without enough magic to sustain it, your searing ray dissipates.
The orc warrior hits you from afar with a +0 vorpal halberd!
It was a potion of might.
You feel very mighty all of a sudden.
The orc warrior hits you from afar with a +0 vorpal halberd!
* * * LOW HITPOINT WARNING * * *
You hit the orc warrior but do no damage.
The orc warrior is lightly wounded.
The orc warrior barely misses you.
You closely miss the orc warrior.
The orc warrior is lightly wounded.
The orc warrior hits you with a +0 vorpal halberd!
* * * LOW HITPOINT WARNING * * *
x2 You closely miss the orc warrior.
You tail-slap the orc warrior.
The orc warrior is moderately wounded.
The orc warrior hits you with a +0 vorpal halberd!
You die...

# #....# ###....####
...........#
#####.####.# #.#
#.########
#.#####.####.........
#....................
.#####.####.########
#.# #@# #.# #o# #.#
#)######
#####.####.......
#................
#####.####(##.##. #.#
#.# .# #.# #.# # #.#
#o#


You could see an orc warrior.

Vanquished Creatures
  Sigmund (D:2)
  A centaur (D:7)
  A bullfrog (D:7)
  A scorpion (D:4)
  A hound (D:4)
  A centaur skeleton (D:4)
  2 orc wizards (D:7)
  An iguana (D:7)
  3 worker ants
  12 adders
  4 gnolls (D:3)
  An ooze (D:1)
  3 worms
  An adder skeleton (D:4)
  2 dart slugs (D:3)
  3 leopard geckos
  6 orcs
  A ball python (D:2)
  3 giant cockroaches
  8 goblins
  9 hobgoblins
  7 jackals
  7 kobolds
  A quokka (D:3)
  3 bats
  5 frilled lizards
  2 leopard gecko skeletons (D:7)
  A leopard gecko zombie (D:4)
  10 rats
  A toadstool (D:3)
102 creatures vanquished.

Vanquished Creatures (others)
  3 toadstools (D:3)
3 creatures vanquished.

Grand Total: 105 creatures vanquished

Notes
Turn   | Place    | Note
-------+----------+-------------------------------------------
     0 | D:1      | hawla the Draconian Conjurer began the quest for the Orb.
     0 | D:1      | Reached XP level 1. HP: 14/14 MP: 3/3
   215 | D:1      | Reached XP level 2. HP: 20/20 MP: 2/5
   619 | D:1      | Learned a level 2 spell: Searing Ray
  1138 | D:2      | Reached XP level 3. HP: 26/26 MP: 3/7
  1587 | D:2      | Reached XP level 4. HP: 33/33 MP: 2/9
  1593 | D:2      | Learned a level 4 spell: Iskenderun's Mystic Blast
  1948 | D:2      | Noticed Sigmund
  1957 | D:2      | Killed Sigmund
  1957 | D:2      | Reached skill level 5 in Conjurations
  1957 | D:2      | Reached XP level 5. HP: 27/38 MP: 1/10
  2431 | D:3      | Reached XP level 6. HP: 38/45 MP: 8/11
  2860 | D:3      | Found a snail-covered altar of Cheibriados.
  4025 | D:4      | Found Bador's General Store.
  4236 | D:4      | Got a masterwork cloak
  4242 | D:4      | Identified the +2 cloak of Sharp Freedom {*Drain rPois MR+
                  | Dex+4} (You found it on level 4 of the Dungeon)
  4291 | D:4      | Your scales start taking on a lurid green colour.
  4291 | D:4      | Reached XP level 7. HP: 48/50 MP: 5/12
  4291 | D:4      | Gained mutation: Your system is resistant to poisons.
                  | (rPois) [Green Draconian growth]
  4508 | D:4      | Found a staircase to the Ecumenical Temple.
  4706 | D:4      | You fall into a shaft and drop 3 floors!
  4728 | D:7      | Reached skill level 6 in Conjurations
  4729 | D:7      | Reached skill level 5 in Translocations
  5200 | D:7      | Slain by an orc warrior

Illustrated notes

Levels and vault maps discovered:
D:1:      psy_arrival_fountain, layout_loops_ring
D:2:      layout_rooms, serial_co_window_serial, co_window_corner_a,
          co_window_cross_1, co_window_of_opportunity_a, co_window_cross_1,
          co_window_paths_b, co_window_corner_b, co_window_broadway_c,
          co_window_paths_c, glass_columns_a, minmay_small_reverse_x,
          uniq_sigmund
D:3:      layout_loops_cross, kennysheep_slug_shrine, first_ration,
          hangedman_decor_push, minmay_gold_behind_fungi
D:4:      layout_basic, temple_doors_e, serial_shops, kennysheep_little_box,
          roderic_serpentine_path
D:7:      layout_basic

Skill      XL: |  1  2  3  4  5  6  7 |
---------------+----------------------+-----
Spellcasting   | 3 |  3.7
Conjurations   | 5 6 |  6.6
Translocations | 3 4 5 |  5.6
Dodging        | |  1.7
Stealth        | |  1.7

Action                   |  1- 3 |  4- 6 |  7- 9 || total
-------------------------+-------+-------+-------++-------
Melee: Unarmed           |    10 |       |       ||    10
       Tailslap          |     1 |     7 |     5 ||    13
       Dagger            |     1 |    26 |    32 ||    59
 Cast: Magic Dart        |    55 |    67 |    25 ||   147
       Searing Ray       |     8 |    23 |     5 ||    36
       Iskenderun's Myst |       |     2 |     2 ||     4
  Use: Scroll            |     3 |     6 |       ||     9
       Potion            |       |       |     2 ||     2
  Eat: Chunk             |     3 |     8 |     4 ||    15
Armor: Skin              |     1 |    11 |     9 ||    21
Dodge: Dodged            |    15 |    19 |    22 ||    56
